 Dungeon Crawl Stone Soup version 0.21-a0-404-g291f19a (console) character file.

1027 Duffy the Conjurer (level 8, -15/41 HPs)
             Began as a Deep Elf Fire Elementalist on Oct 31, 2017.
             Killed from afar by Dowan (19 damage)
             ... with a shard of ice
             ... on level 5 of the Dungeon.
             The game lasted 00:08:24 (4355 turns).

Duffy the Conjurer (Deep Elf Fire Elementalist)     Turns: 4355, Time: 00:08:25

Health: -15/41     AC:  3    Str:  5    XL:     8   Next: 3%
Magic:  13/20      EV: 13    Int: 23    God:
Gold:   243        SH:  0    Dex: 15    Spells: 7/20 levels left

rFire    . . .     SeeInvis .   p - +1 whip (flame)
rCold    . . .     Gourm    .   (no shield)
rNeg     . . .     Faith    +   a - +1 robe
rPois    .         Spirit   .   (no helmet)
rElec    .         Reflect  .   (no cloak)
rCorr    .         Harm     .   (no gloves)
MR       .....                  (no boots)
Stlth    +++.......             o - amulet of faith
HPRegen  0.13/turn              (no ring)
MPRegen  0.17/turn              f - ring of stealth

@: no status effects
A: no striking features
a: no special abilities


You were on level 5 of the Dungeon.
You were near starving.

You visited 1 branch of the dungeon, and saw 6 of its levels.

You collected 243 gold pieces.

Inventory:

Hand Weapons
 p - a +1 whip of flaming (weapon)
 q - a +0 dagger
Armour
 a - a +1 robe (worn)
Jewellery
 f - a ring of stealth (right hand)
 o - an amulet of faith (around neck)
Wands
 l - a wand of iceblast (0/15)
 n - a wand of polymorph (12/24)
Scrolls
 e - 3 scrolls of amnesia
 i - 3 scrolls of teleportation
 j - a scroll of identify
 k - 3 scrolls of enchant armour
Potions
 d - 4 potions of curing
 h - 2 potions of invisibility
Books
 b - a book of Flames

   Spells                             Type                      Level
   a - Flame Tongue                   Conjuration/Fire             1
   b - Throw Flame                    Conjuration/Fire             2
   c - Conjure Flame                  Conjuration/Fire             3
   d - Inner Flame                    Hexes/Fire                   3
   e - Sticky Flame                   Conjuration/Fire             4
   f - Fireball                       Conjuration/Fire             5
Comestibles
 c - 3 bread rations
 g - 4 meat rations
 m - 2 royal jellies


   Skills:
 - Level 2.4 Dodging
 - Level 2.4 Stealth
 + Level 6.7 Spellcasting
 * Level 7.2 Conjurations
 + Level 6.0 Fire Magic


You had 7 spell levels left.
You knew the following spells:

 Your Spells              Type           Power        Failure   Level  Hunger
a - Flame Tongue          Conj/Fire      #####        1%          1    None
j - Sticky Flame          Conj/Fire      #####...     4%          4    ###....
k - Fireball              Conj/Fire      #####.....   14%         5    #####..
l - Conjure Flame         Conj/Fire      #####...     1%          3    None


Dungeon Overview and Level Annotations

Branches:
Dungeon (6/15)
 Temple: D:4-7

Altars:
Ru
Xom

Annotations:
D:3 exclusions: 2 killer bees and kobold
D:5 Dowan


Message History

Aiming: Flame Tongue
Press: ? - help, Shift-Dir - straight line, f/p - Duvessa
Aim: Duvessa, wielding a rapier and wearing a chain mail (heavily wounded, fast, covered in liquid flames)
The flame tongue hits Duvessa.
Duvessa is severely wounded.
Duvessa burns!
Duvessa hits you with a rapier!
Duvessa burns!
Duvessa hits you with a rapier. Dowan misses you.
Duvessa burns!
The centaur shoots an arrow.
The arrow hits you! Duvessa hits you with a rapier.
You see here 2 arrows.
Duvessa burns!
You kill Duvessa!
Dowan's eyes darken. "You have made a black mistake."
Dowan seems to find hidden reserves of power!
Your Fire Magic skill increases to level 6!
You have reached level 8!
You feel clever.
Dowan points at you and mumbles some strange words.
The shard of ice hits you!
You die...

....#
#...##.......#
###.#
#....#######.#
#.# #..#.# #...#
###.#
#..#.#####.###
....#
#.#.#...#.#
#####
#...#.#.#.# ..#
#.......#.# ..#
####...##.#.#
..#
#..@(e..(.#.#
(.#
####'###).####.#
###
#.......c>....(#
#..........#####
#..........#
####+#######


You could see Dowan.

Vanquished Creatures
  Pikel (D:5)
  The ghost of dwormar the Vexing, an amateur FoAM (D:4)
  Duvessa (D:5)
  An ogre (D:4)
  2 hounds (D:4)
  2 orc wizards
  A bullfrog skeleton (D:4)
  A worker ant (D:5)
  4 adders
  An ooze (D:3)
  A worm (D:3)
  3 leopard geckos
  6 orcs
  6 giant cockroaches
  4 goblins
  4 hobgoblins
  6 jackals
  2 quokkas (D:3)
  A ball python (D:3)
  3 bats (D:3)
  A frilled lizard (D:1)
  2 jackal skeletons
  5 kobolds
  A quokka skeleton (D:5)
  5 rats
65 creatures vanquished.

Vanquished Creatures (others)
  An ice beast (D:5)
1 creature vanquished.

Grand Total: 66 creatures vanquished

Notes
Turn   | Place    | Note
-------+----------+-------------------------------------------
     0 | D:1      | Duffy the Deep Elf Fire Elementalist began the quest for the Orb.
     0 | D:1      | Reached XP level 1. HP: 10/10 MP: 6/6
   632 | D:1      | Reached XP level 2. HP: 13/15 MP: 5/8
   764 | D:2      | Reached skill level 2 in Conjurations
  1267 | D:2      | Reached XP level 3. HP: 16/19 MP: 5/10
  1275 | D:2      | Learned a level 3 spell: Conjure Flame
  1756 | D:3      | Found a shimmering altar of Xom.
  1758 | D:3      | Found a sacrificial altar of Ru.
  1866 | D:3      | Reached skill level 3 in Conjurations
  1971 | D:3      | Noticed a killer bee
  1971 | D:3      | Noticed a killer bee
  2006 | D:4      | Reached XP level 4. HP: 21/24 MP: 5/11
  2133 | D:4      | Learned a level 4 spell: Sticky Flame
  2144 | D:4      | Noticed dwormar's ghost (amateur FoAM)
  2625 | D:5      | Entered Level 5 of the Dungeon
  2750 | D:4      | Killed dwormar's ghost
  2750 | D:4      | Reached skill level 4 in Conjurations
  2750 | D:4      | Reached XP level 5. HP: 28/28 MP: 0/14
  2900 | D:4      | Reached XP level 6. HP: 31/32 MP: 12/15
  2907 | D:4      | Learned a level 5 spell: Fireball
  2964 | D:4      | Reached skill level 5 in Spellcasting
  3132 | D:4      | Reached skill level 5 in Conjurations
  3283 | D:4      | Reached skill level 5 in Fire Magic
  3760 | D:5      | Noticed a slave
  3761 | D:5      | Noticed a slave
  3762 | D:5      | Noticed Pikel
  3780 | D:5      | Noticed a slave
  4006 | D:5      | Noticed a slave
  4024 | D:5      | Killed Pikel
  4024 | D:5      | Reached skill level 7 in Conjurations
  4024 | D:5      | Reached XP level 7. HP: 36/36 MP: 3/18
  4155 | D:5      | Noticed Duvessa
  4157 | D:5      | Noticed Dowan
  4355 | D:5      | Killed Duvessa
  4355 | D:5      | Reached XP level 8. HP: 4/41 MP: 13/20
  4355 | D:5      | Killed from afar by Dowan

Vault maps used:
D:1:      minmay_arrival_diagonal_passages
D:3:      grunt_temple_overflow_open,
          chequers_temple_overflow_statue_of_worship, first_bread,
          minmay_strange_pillars, uniq_sigmund
D:4:      corexii_corridor_pit
D:5:      uniq_eustachio, uniq_duvessa, uniq_grinder, uniq_menkaure, uniq_pikel
D:6:      hangedman_abyss_or_decor_passed, kennysheep_generic_room_12,
          uniq_blork_the_orc

Skill      XL: |  1  2  3  4  5  6  7 |
---------------+----------------------+-----
Conjurations   | 2 3 4 7 |  7.2
Spellcasting   | 4 6 |  6.7
Fire Magic     | 4 5 6 |  6.0
Dodging        | |  2.4
Stealth        | |  2.4

Action                   |  1- 3 |  4- 6 |  7- 9 || total
-------------------------+-------+-------+-------++-------
Melee: Dagger            |       |    30 |       ||    30
 Cast: Flame Tongue      |    71 |    93 |     3 ||   167
       Conjure Flame     |       |     5 |       ||     5
       Sticky Flame      |       |       |     2 ||     2
Evoke: Wand              |       |     3 |       ||     3
  Use: Scroll            |     9 |     4 |       ||    13
       Potion            |       |     1 |       ||     1
  Eat: Chunk             |     3 |     6 |       ||     9
Armor: Robe              |     7 |     8 |     1 ||    16
Dodge: Dodged            |    24 |    57 |    17 ||    98

Table legend:
 A = Spawn XP
 B = Non-spawn XP
 C = Spawn XP percentage of total XP
 D = Spawn monster count
 E = Non-spawn monster count
 F = Spawn count percentage of total count
 G = Total turns spent on level
                    A         B        C        D         E        F      G
               +---------+---------+-------+---------+---------+-------+---------
         Total |       0 |    1468 |   0.0 |       0 |      65 |   0.0 |  4355
               +---------+---------+-------+---------+---------+-------+---------
           D:1 |       0 |      15 |   0.0 |       0 |       9 |   0.0 |   755
           D:2 |       0 |      40 |   0.0 |       0 |      15 |   0.0 |  1139
           D:3 |       0 |      48 |   0.0 |       0 |      16 |   0.0 |   687
           D:4 |       0 |     508 |   0.0 |       0 |      13 |   0.0 |  1147
           D:5 |       0 |     857 |   0.0 |       0 |      12 |   0.0 |   452
               +---------+---------+-------+---------+---------+-------+---------
